 Dungeon Crawl Stone Soup version 0.30-a0-292-g0f741e3f8e (webtiles) character file.

Game seed: 2944440336209454054

147 Flugkiller the Cutter (level 5, 38/38 HPs)
             Began as a Demonspawn Gladiator on Oct 17, 2022.
             Quit the game on level 3 of the Dungeon.
             The game lasted 00:01:23 (1454 turns).

Flugkiller the Cutter (Demonspawn Gladiator)        Turns: 1454, Time: 00:01:23

Health: 38/38      AC:  5    Str: 14    XL:     5   Next: 8%
Magic:  5/5        EV: 13    Int:  9    God:
Gold:   157        SH:  0    Dex: 23    Spells: 4/4 levels left

rFire   + . .      SeeInvis .    j - +0 short sword (venom)
rCold   . . .      Faith    .    (no shield)
rNeg    . . .      Spirit   .    b - +0 leather armour
rPois   .          Reflect  .    c - +0 helmet
rElec   .          Harm     .    (no cloak)
rCorr   .          Rampage  .    k - +0 pair of gloves
Will    .....                    (no boots)
Stlth   ++........               (no amulet)
HPRegen 0.26/turn                p - ring of protection from fire
MPRegen 0.09/turn                m - +6 ring of dexterity

@: no status effects
A: claws 1, ignite blood 1
a: no special abilities


You were on level 3 of the Dungeon.
You visited 1 branch of the dungeon, and saw 3 of its levels.

You collected 157 gold pieces.

Inventory:

Hand Weapons
 a - a +0 rapier
 j - a +0 short sword of venom (weapon)
   (You took it off a kobold on level 1 of the Dungeon)
Missiles
 d - 3 throwing nets (quivered)
 e - a javelin
Armour
 b - a +0 leather armour (worn)
 c - a +0 helmet (worn)
 k - a +0 pair of gloves (worn)
   (You found it on level 1 of the Dungeon)
 u - the +1 pair of gloves of Fun and Games {*Corrode rN+ SInv}
   (You found it on level 3 of the Dungeon)

   rN:        It protects you from negative energy.
   SInv:      It lets you see invisible.
   *Corrode:  It may corrode you when you take damage.
Jewellery
 m - a +6 ring of dexterity (right hand)
   (You found it on level 2 of the Dungeon)
 p - a ring of protection from fire (left hand)
   (You found it on level 1 of the Dungeon)
Scrolls
 f - a scroll of poison {unknown}
 g - 2 scrolls of teleportation {unknown}
 h - a scroll of identify {unknown}
 l - 2 scrolls of magic mapping {unknown}
 n - 2 scrolls of vulnerability {unknown}
 o - a scroll of enchant armour {unknown}
 q - a scroll of brand weapon {unknown}
 s - 2 scrolls of acquirement {unknown}
Potions
 i - a potion of curing {unknown}
 r - 2 potions of degeneration {unknown}
 t - a potion of ambrosia {unknown}


   Skills:
 - Level 2.0 Fighting
 + Level 5.3 Short Blades
 - Level 1.7 Throwing
 - Level 2.6 Dodging


You had 4 spell levels left.
You didn't know any spells.
Your spell library contained the following spells:

 Spells                   Type           Power      Damage    Failure   Level
 Beastly Appendage        Tmut           0%         N/A       45%         1
 Summon Small Mammal      Summ           0%         N/A       45%         1
 Wereblood                Tmut           0%         N/A       61%         2
 Call Canine Familiar     Summ           0%         N/A       83%         3
 Spider Form              Tmut/Pois      0%         N/A       83%         3
 Summon Guardian Golem    Hex/Summ       0%         N/A       83%         3


Dungeon Overview and Level Annotations

Branches:
Dungeon (3/15) Zot: 16572

Altars:
Makhleb
Uskayaw
Xom


Innate Abilities, Weirdness & Mutations

You have sharp fingernails.
Your demonic aura sometimes causes spilled blood to erupt in flames.


Message History

An orc priest comes into view. It is wielding a +0 mace.
The orc shouts!
The orc priest shouts!
The orc shouts!
The orc priest moves out of view.
You hit the orc but do no damage.
The orc is poisoned.
The orc closely misses you.
You hit the orc.
The orc looks as sick as possible!
The orc is moderately wounded.
The orc hits you but does no damage.
You hit the orc.
The orc is severely wounded.
An adder comes into view.
The orc hits you with a +0 club.
The adder hisses angrily.
You hit the orc but do no damage.
The orc looks as sick as possible!
The orc is severely wounded.
You kill the orc!
The orc hits you but does no damage.
There is a stone staircase leading up here.
Things that are here:
a +0 club; a +0 scale mail; an orc corpse You barely miss the orc.
The orc barely misses you.
You hit the orc.
You kill the orc!
You closely miss the orc. The orc closely misses you.
You closely miss the orc. The orc closely misses you.
You hit the orc.
The orc is poisoned.
The orc is lightly wounded.
You hit the orc.
You kill the orc!
You hit the orc priest.
The orc priest is poisoned.
The orc priest is lightly wounded.
The orc priest is engulfed in blazing flames.
You kill the orc priest!
Your Short Blades skill increases to level 5!
The adder misses you. x2
Items here: ))) ††.
You miss the adder. The adder closely misses you.
You closely miss the adder. The adder barely misses you.
You hit the adder.
The adder is lightly wounded.
The adder bites you but does no damage.
You closely miss the adder.
The adder is lightly wounded.
The adder closely misses you.
You hit the adder.
The adder is poisoned.
The adder is moderately wounded.
The adder is engulfed in blazing flames.
You kill the adder!
No target in view!
You see here an adder corpse.
No target in view!
You now have 157 gold pieces (gained 9).
n - 2 scrolls labelled IFEXKAMNYHOL (gained 1)
You open the door.
A hobgoblin comes into view.
Found a ruby potion.
There is an open door here.
A hobgoblin is nearby!
A hobgoblin is nearby!
The helpless hobgoblin fails to defend itself.
You puncture the hobgoblin!
You kill the hobgoblin!
No target in view!
No target in view!
No target in view!
No target in view!
No target in view!
No target in view!
No target in view!
No target in view!
You see here a hobgoblin corpse.
r - 2 ruby potions (gained 1)
You open the door.
A rat and a quokka come into view.
There are monsters nearby!
There are monsters nearby!
There is an open door here.
An adder comes into view.
The adder hisses angrily.
You strike the helpless rat from behind!
You puncture the rat!
You kill the rat!
You have reached level 5!
Your demonic ancestry asserts itself...
Your fingernails lengthen.
You hit the quokka.
The quokka is poisoned.
The quokka is heavily wounded.
The quokka closely misses you.
You hit the quokka.
You kill the quokka!
You hit the adder.
The adder is lightly wounded.
The adder closely misses you.
You hit the adder.
The adder is poisoned.
The adder is heavily wounded.
The adder is engulfed in blazing flames.
You kill the adder!
No target in view!
No target in view!
Are you sure you want to abandon this character and quit the game? (Confirm with "yes".)

#.#
#.#####.########.#
#.# #.# #.# #.# #.#
#.# #†# #.# #.# #.#
#.# #.# #.# ####.#
#.#########
.....####.#...## .##
..........#.8.'##..#
########.##†..#.@#
#.##...#.#..#
#..'.8.+###.#
####...# #'. #...#
#.. #.8.'# ....
#...## ... ##### ##


There were no monsters in sight!

Vanquished Creatures
  An orc priest (D:3)
  5 adders
  A worm (D:2)
  3 dart slugs
  5 orcs (D:3)
  7 endoplasms
  A giant cockroach (D:1)
  2 goblins
  8 hobgoblins
  2 jackals (D:1)
  3 quokkas
  4 ball pythons
  3 bats
  8 frilled lizards
  4 kobolds
  4 rats
61 creatures vanquished.

Notes
Turn   | Place    | Note
-------+----------+-------------------------------------------
     0 | D:1      | Flugkiller the Demonspawn Gladiator began the quest for the
                  | Orb.
     0 | D:1      | Reached XP level 1. HP: 16/16 MP: 1/1
    31 | D:1      | Reached skill level 3 in Short Blades
    44 | D:1      | Gained mutation: Your demonic aura sometimes causes spilled
                  | blood to erupt in flames. [demonic ancestry]
    44 | D:1      | Reached XP level 2. HP: 22/22 MP: 2/2
   460 | D:2      | Found a burning altar of Makhleb.
   525 | D:2      | Reached skill level 4 in Short Blades
   525 | D:2      | Reached XP level 3. HP: 19/27 MP: 3/3
   727 | D:2      | Reached XP level 4. HP: 29/33 MP: 4/4
  1147 | D:3      | Found a hide-covered altar of Uskayaw.
  1267 | D:3      | Identified the +1 pair of gloves of Fun and Games {*Corrode
                  | rN+ SInv}
  1281 | D:3      | Found a shimmering altar of Xom.
  1371 | D:3      | Reached skill level 5 in Short Blades
  1449 | D:3      | Gained mutation: You have sharp fingernails. [demonic
                  | ancestry]
  1449 | D:3      | Reached XP level 5. HP: 38/38 MP: 5/5
  1454 | D:3      | Quit the game

Illustrated notes

Levels and vault maps discovered:
D:1:      lightli_arrival_boilingwater, layout_rooms
D:2:      layout_loops_ring, basic_altar, wad_floor_pattern_2,
          minmay_door_square, guppyfry_early_lair_pool
D:3:      minmay_chambers_of_threes, layout_loops_ring,
          mainiacjoe_overflow_alcove_2, lemuel_crystal_altar

Skill      XL: |  1  2  3  4 |
---------------+-------------+-----
Short Blades   | 3 4 5 |  5.3
Fighting       | |  2.0
Throwing       | |  1.7
Dodging        | |  2.6

Action                   |  1- 3 |  4- 6 || total
-------------------------+-------+-------++-------
Melee: Rapier            |    49 |       ||    49
       Short sword       |    70 |    62 ||   132
       Punch             |       |     1 ||     1
 Stab: Sleeping          |       |     3 ||     3
       Distracted        |       |     1 ||     1
Armor: Leather armour    |    29 |     5 ||    34
Dodge: Dodged            |    78 |    22 ||   100

Table legend: (Time is in decaauts)
 A = Elapsed time spent in this place.
 B = Non-inter-level travel time spent in this place.
 C = Inter-level travel time spent in this place.
 D = Time resting spent in this place.
 E = Time spent auto-exploring this place.
 F = Levels seen in this place.
 G = Mean time per level.
                   A        B        C        D        E       F      G
               +--------+--------+--------+--------+--------+-----+--------+
         Total |   1428 |   1396 |     32 |     35 |   1004 |   3 |  476.0 |
       Dungeon |   1428 |   1396 |     32 |     35 |   1004 |   3 |  476.0 |
               +--------+--------+--------+--------+--------+-----+--------+

Top non-repeatable levels by time:
     D:2: 600 daAuts
     D:1: 451 daAuts
     D:3: 376 daAuts
